 Dungeon Crawl Stone Soup version 0.21.1-1-g345015fe64 (webtiles) character file.

429 Lentor the Cudgeler (level 6, -6/56 HPs)
             Began as a Minotaur Chaos Knight on June 29, 2018.
             Mangled by an ogre
             ... wielding a +0 giant club
              (10 damage)
             ... on level 4 of the Dungeon.
             The game lasted 00:07:11 (2070 turns).

Lentor the Cudgeler (Minotaur Chaos Knight)         Turns: 2070, Time: 00:07:12

Health: -6/56      AC:  8    Str: 16    XL:     6   Next: 66%
Magic:  14/14      EV: 11    Int:  9    God:    Xom [.*....]
Gold:   147        SH:  0    Dex: 10    Spells: 2/5 levels left

rFire    . . .     SeeInvis .   n - +0 morningstar
rCold    . . .     Gourm    .   (no shield)
rNeg     . . .     Faith    .   e - +0 ring mail
rPois    .         Spirit   .   (helmet restricted)
rElec    .         Reflect  .   (no cloak)
rCorr    .         Harm     .   (no gloves)
MR       .....                  i - +1 pair of boots (curse)
Stlth    ..........             (no amulet)
HPRegen  0.58/turn              j - ring of magical power
MPRegen  0.14/turn              (no ring)

@: no status effects
A: retaliatory headbutt, horns 2, clumsy 1, high mp 1, regeneration 1, evolution
1
a: Renounce Religion


You were on level 4 of the Dungeon.
You worshipped Xom.
You were a plaything of Xom.
You were hungry.

You visited 1 branch of the dungeon, and saw 4 of its levels.

You collected 147 gold pieces.

Inventory:

Hand Weapons
 n - a +0 morningstar (weapon)
Armour
 e - a +0 ring mail (worn)
 i - a cursed +1 pair of boots (worn)
Jewellery
 j - a ring of magical power (left hand)
Scrolls
 a - a scroll of random uselessness {unknown}
 b - 4 scrolls of teleportation
 f - a scroll of enchant weapon {unknown}
 k - 6 scrolls of identify {unknown}
 l - a scroll of remove curse {unknown}
 p - a scroll of enchant armour
Potions
 d - a potion of curing {unknown}
 g - a potion of agility {unknown}
 h - a potion of haste {unknown}
 m - 2 potions of flight {unknown}
 o - a potion of lignification {unknown}
Comestibles
 c - 7 rations


   Skills:
 + Level 5.5 Fighting
 + Level 6.7 Maces & Flails
 + Level 4.2 Armour
 + Level 2.7 Dodging


You had 2 spell levels left.
You knew the following spells:

 Your Spells              Type           Power        Failure   Level  Hunger
a - Gell's Gravitas       Tloc           #.........   91%         3    ####...


Dungeon Overview and Level Annotations

Branches:
Dungeon (4/15)
 Temple: D:4-7

Altars:
Ashenzari
Fedhas
Makhleb
Okawaru
Ru
Sif Muna
Wu Jian
Yredelemnul


Innate Abilities, Weirdness & Mutations

You reflexively headbutt those who attack you in melee.
You have a pair of horns on your head.
You are clumsy. (Dex -2)
You have an increased reservoir of magic. (+10% MP)
Your natural rate of healing is unusually fast.
You evolve.


Message History

You climb downwards.
Found 16 gold pieces.
There is a stone staircase leading up here.
You now have 147 gold pieces (gained 6). "Let's go for a ride!"
Your surroundings suddenly seem different.
An ogre comes into view. It is wielding a giant club.
The ogre shouts!
The ogre hits you with a giant club!
An adder zombie comes into view.
The ogre hits you with a giant club!!
A shower of butterflies erupts from you!
The adder zombie bites you. The adder zombie completely misses you.
You furiously retaliate!
You headbutt the adder zombie. The ogre hits you with a giant club!!
* * * LOW HITPOINT WARNING * * *
The adder zombie completely misses you. You furiously retaliate!
You headbutt the adder zombie! The ogre hits you with a giant club!
You die...
Xom howls with laughter!

# #. #. ..
.
.###+###..
.........
#OZ..b..+
#@.....#
#......+
+.bb...#
#......#
#......#
#......#
#......#
#......#


You could see an ogre and an adder zombie.

Vanquished Creatures
  A sky beast (D:2)
  2 bullfrogs (D:2)
  2 orc priests (D:3)
  An orc wizard (D:3)
  2 adders (D:3)
  An ooze (D:3)
  2 worms
  A dart slug (D:3)
  3 leopard geckos
  7 orcs (D:3)
  A giant cockroach (D:2)
  11 hobgoblins
  4 jackals (D:2)
  10 kobolds
  A quokka (D:3)
  2 ball pythons
  9 bats
  6 frilled lizards
  7 goblins
  7 rats
80 creatures vanquished.

Notes
Turn   | Place    | Note
-------+----------+-------------------------------------------
     0 | D:1      | Lentor the Minotaur Chaos Knight began the quest for the Orb.
     0 | D:1      | Reached XP level 1. HP: 19/19 MP: 0/0
    87 | D:1      | Reached XP level 2. HP: 26/27 MP: 1/1
   182 | D:1      | Reached skill level 4 in Maces & Flails
   229 | D:1      | XOM: harmless Chrm miscast
   565 | D:1      | XOM: give mutation
   565 | D:1      | Gained mutation: Your natural rate of healing is unusually fast. [Xom's grace]
   594 | D:1      | XOM: divination: detect creatures
   775 | D:2      | XOM: harmless Conj miscast
   788 | D:2      | Reached XP level 3. HP: 33/34 MP: 2/2
   932 | D:2      | Noticed a sky beast
   944 | D:2      | Noticed a bullfrog
   944 | D:2      | a worm changed into a bullfrog
   944 | D:2      | XOM: polymorph worm -> bullfrog
   954 | D:2      | Killed a bullfrog
   954 | D:2      | Reached XP level 4. HP: 12/41 MP: 3/3
   954 | D:2      | Killed a bullfrog
   954 | D:2      | Reached skill level 5 in Fighting
   954 | D:2      | Reached skill level 5 in Maces & Flails
   954 | D:2      | Reached XP level 5. HP: 15/48 MP: 4/4
   959 | D:2      | XOM: confusion (+ monsters)
  1002 | D:2      | Killed a sky beast
  1002 | D:2      | Reached skill level 6 in Maces & Flails
  1013 | D:2      | Reached XP level 6. HP: 36/56 MP: 5/5
  1100 | D:2      | Found a burning altar of Makhleb.
  1100 | D:2      | Found a basalt altar of Yredelemnul.
  1140 | D:2      | Found a deep blue altar of Sif Muna.
  1429 | D:2      | XOM: give mutations
  1429 | D:2      | Gained mutation: You have an increased reservoir of magic. (+10% MP) [Xom's grace]
  1429 | D:2      | Gained mutation: Your spells are a little harder to cast, but a little more powerful. [Xom's grace]
  1429 | D:2      | Gained mutation: You evolve. [Xom's grace]
  1442 | D:2      | XOM: give mutations
  1442 | D:2      | Gained mutation: You are clumsy. (Dex -2) [Xom's mischief]
  1442 | D:2      | Lost mutation: Your spells are a little harder to cast, but a little more powerful. [Xom's mischief]
  1451 | D:2      | XOM: god gift: book of the Warp
  1459 | D:2      | Learned a level 3 spell: Gell's Gravitas
  1765 | D:3      | Found a sacrificial altar of Ru.
  1839 | D:3      | Found an ornate altar of the Wu Jian Council.
  1845 | D:3      | XOM: medium Hex miscast
  1847 | D:3      | Found an iron altar of Okawaru.
  1848 | D:3      | Found a shattered altar of Ashenzari.
  1851 | D:3      | Found a sacrificial altar of Ru.
  1852 | D:3      | Found a blossoming altar of Fedhas.
  1853 | D:3      | Found a deep blue altar of Sif Muna.
  2065 | D:4      | XOM: 1-stop teleportation journey
  2068 | D:4      | XOM: butterfly on damage
  2070 | D:4      | Mangled by an ogre

Skill      XL: |  1  2  3  4  5  6 |
---------------+-------------------+-----
Fighting       | 4 5 |  5.5
Maces & Flails | 4 5 6 |  6.7
Armour         | 3 4 |  4.2
Dodging        | 2 |  2.7

Action                   |  1- 3 |  4- 6 || total
-------------------------+-------+-------++-------
Melee: Mace              |   101 |    44 ||   145
       Headbutt          |     9 |    15 ||    24
       Morningstar       |       |    48 ||    48
  Use: Scroll            |     3 |       ||     3
 Stab: Confused          |     1 |       ||     1
  Eat: Chunk             |       |     3 ||     3
Armor: Leather armour    |     4 |       ||     4
       Ring mail         |    48 |    47 ||    95
Dodge: Dodged            |    47 |    60 ||   107
